 Dungeon Crawl Stone Soup version 0.19.3-1-g3169bf9 (console) character file.

42 Lahna the Chopper (level 3, 0/49 HPs)
             Began as a Minotaur Berserker on Jan 23, 2017.
             Was a Believer of Trog.
             Succumbed to kobold's curare-tipped needle
             ... on level 3 of the Dungeon.
             The game lasted 00:02:34 (1405 turns).

Lahna the Chopper (Minotaur Berserker)              Turns: 1405, Time: 00:02:34

Health: 0/49       AC: 15    Str: 26    XL:     3   Next: 33%
Magic:  2/2        EV:  7    Int:  4    God:    Trog [**....]
Gold:   126        SH:  0    Dex: 10    Spells: 0 memorised, 2 levels left

rFire  . . .     SeeInvis .     a - +0 hand axe
rCold  . . .     Gourm    .     j - +3 plate armour
rNeg   . . .     Faith    .     (no shield)
rPois  .         Spirit   .     (helmet restricted)
rElec  .         Reflect  .     (no cloak)
rCorr  .         Harm     .     (no gloves)
MR     .....                    k - +0 pair of boots
Stlth  ..........               l - amulet of rage
                                (no ring)
                                (no ring)

@: berserking, lethally poisoned (0 -> -31), slowed
A: retaliatory headbutt, horns 2
a: Berserk, Trog's Hand, Burn Spellbooks, Renounce Religion, Evoke Berserk Rage


You were on level 3 of the Dungeon.
You worshipped Trog.
Trog was pleased with you.
You were very hungry.

You visited 1 branch of the dungeon, and saw 3 of its levels.

You collected 126 gold pieces.

Inventory:

Hand Weapons
 a - a +0 hand axe (weapon)
Armour
 j - a +3 plate armour (worn)
 k - a +0 pair of boots (worn)
Jewellery
 l - an amulet of rage (around neck)
Scrolls
 b - a scroll of random uselessness {unknown}
 e - a scroll of blinking {unknown}
 f - a scroll of noise {unknown}
 m - a scroll of magic mapping {unknown}
 p - a scroll of fog {unknown}
Potions
 d - a potion of resistance {unknown}
 h - a potion of beneficial mutation {unknown}
 n - a potion of cancellation {unknown}
 q - a potion of curing {unknown}
 r - a potion of berserk rage {unknown}
Comestibles
 c - 2 bread rations
 g - 2 meat rations
 o - 2 fruits


   Skills:
 + Level 4.1 Fighting
 - Level 5.0 Axes
 - Level 2.4 Armour
 - Level 2.2 Dodging


You had 2 spell levels left.
You didn't know any spells.

Dungeon Overview and Level Annotations

Branches:
Dungeon (3/15)

Altars:
Makhleb
Okawaru


Innate Abilities, Weirdness & Mutations

You reflexively headbutt those who attack you in melee.
You have a pair of horns on your head.


Message History

* * * LOW HITPOINT WARNING * * *
You feel very sick.
The kobold shoots a curare-tipped needle.
The curare-tipped needle hits you.
You are more poisoned.
You have difficulty breathing.
* * * LOW HITPOINT WARNING * * *
You feel as though you will be slow longer.
You see here a curare-tipped needle.
A red film seems to cover your vision as you go berserk!
You feel yourself moving faster!
You feel mighty!
You are feeling very hungry.
* * * LOW HITPOINT WARNING * * *
You feel very sick.
You hit the kobold.
You kill the kobold!
Trog accepts your kill.
* * * LOW HITPOINT WARNING * * *
You feel very sick.
You die...

░....░ ░....+
░....░
░....░░░░░░░ ░
░(░░<...)...
░..
░(░░░░░░░░░░
....░.(..░░░░
........(....░
░░...░░.@....░
...░░ ░......░
.. ░......░ .
..░....░
...░....+
....░....░
..... .....
...... ......


There were no monsters in sight!

Vanquished Creatures
  An adder (D:2)
  A worm (D:2)
  2 leopard geckos (D:1)
  A ball python (D:2)
  A giant cockroach (D:1)
  2 goblins
  3 hobgoblins
  3 jackals (D:2)
  6 bats
  4 kobolds
  4 rats (D:1)
28 creatures vanquished.

Notes
Turn   | Place    | Note
-------+----------+-------------------------------------------
     0 | D:1      | Lahna the Minotaur Berserker began the quest for the Orb.
     0 | D:1      | Reached XP level 1. HP: 19/19 MP: 0/0
   339 | D:1      | Reached XP level 2. HP: 27/27 MP: 1/1
   541 | D:1      | Reached skill level 4 in Axes
   944 | D:2      | Found a burning altar of Makhleb.
  1041 | D:2      | Reached XP level 3. HP: 33/33 MP: 2/2
  1139 | D:2      | Reached ** piety under Trog
  1155 | D:2      | Found an iron altar of Okawaru.
  1186 | D:2      | Reached skill level 5 in Axes
  1404 | D:3      | HP: 2/49 [poisoned by kobold (curare-tipped needle)]
  1405 | D:3      | Succumbed to kobold's curare-tipped needle

Skill      XL: |  1  2  3 |
---------------+----------+-----
Fighting       | 4 |  4.1
Axes           | 4 5 |  5.0
Armour         | |  2.4
Dodging        | |  2.2

Action                   || total
-------------------------++-------
Melee: Hand axe          ||    61
       Headbutt          ||     5
Invok: Berserk           ||     1
  Eat: Chunk             ||     1
Armor: Animal skin       ||     6
       Plate armour      ||    30
       Leather armour    ||     4
Dodge: Dodged            ||    29
